 Dungeon Crawl Stone Soup version 0.29.0-11-gd7f09526c8 (webtiles) character file.

Game seed: 8455086837320162386

1 avis the Caller (level 1, -2/7 HPs)
             Began as a Felid Summoner on Sept 4, 2022.
             Frozen to death by an endoplasm (5 damage)
             ... on level 1 of the Dungeon.
             The game lasted 00:02:37 (139 turns).

avis the Caller (Felid Summoner)                     Turns: 139, Time: 00:02:38

Health: -2/7       AC:  1    Str:  4    XL:     1   Next: 16%
Magic:  1/4        EV: 17    Int: 16    God:
Gold:   11         SH:  0    Dex: 16    Spells: 3/4 levels left
                                        Lives:  0   Deaths: 0

rFire   . . .      SeeInvis +   (weapon unavailable)
rCold   . . .      Faith    .   (shield unavailable)
rNeg    . . .      Spirit   .   (body armour unavailable)
rPois   .          Reflect  .   (helmet unavailable)
rElec   .          Harm     .   (cloak unavailable)
rCorr   .          Rampage  .   (gloves unavailable)
Will    .....                   (boots unavailable)
Stlth   ++........              (no amulet)
HPRegen 0.02/turn               (no ring)
MPRegen 0.09/turn               (no ring)

@: quick
A: very small, claws 1, fangs 3, see invisible, speed 1, shaggy fur 1, stealthy
paws, no weapons or thrown items, no armour, multi-lived
a: no special abilities


You were on level 1 of the Dungeon.
You visited 1 branch of the dungeon, and saw 1 of its levels.

You collected 11 gold pieces.

Inventory:

Jewellery
 e - a ring of protection from cold
Potions
 a - a potion of magic
 b - a potion of haste
 c - a potion of attraction {unknown}
 d - a potion of curing {unknown}


   Skills:
 + Level 2.7 Dodging
 + Level 2.7 Stealth
 + Level 2.0 Spellcasting
 + Level 4.0 Summonings


You had 3 spell levels left.
You knew the following spells:

 Your Spells              Type           Power      Damage    Failure   Level
a - Summon Small Mammal   Summ           56%        N/A       4%          1

Your spell library contained the following spells:

 Spells                   Type           Power      Damage    Failure   Level
 Call Imp                 Summ           14%        N/A       6%          2
 Call Canine Familiar     Summ           14%        N/A       12%         3
 Summon Guardian Golem    Hex/Summ       8%         N/A       26%         3
 Summon Lightning Spire   Summ/Air       8%         N/A       65%         4


Dungeon Overview and Level Annotations

Branches:
Dungeon (1/15)

Altars:


Innate Abilities, Weirdness & Mutations

You have sharp claws.
You have razor-sharp teeth.
You have supernaturally acute eyesight. (SInv)
You cover ground quickly. (Speed+)
You are covered in fur. (AC +1)
Your paws help you pounce on unaware monsters.
You are incapable of wielding weapons or throwing items.
You cannot wear armour.
You gain extra lives every three experience levels.


Message History

Your quokka's corpse disappears in a puff of smoke!
The rat bites your rat.
Your rat closely misses the rat.
The rat bites your rat.
Your rat dies!
Your rat's corpse disappears in a puff of smoke!
Casting: Summon Small Mammal (safe; 4% risk of failure)
Confirm with . or Enter, or press ? or * to list all spells.
A dart slug and a rat come into view.
Casting: Summon Small Mammal (safe; 4% risk of failure)
Confirm with . or Enter, or press ? or * to list all spells.
The rat barely misses your rat.
Your rat bites the rat.
The dart slug closely misses your bat.
Your bat hits the dart slug but does no damage.
Your bat barely misses the dart slug.
Your bat hits the dart slug but does no damage.
Your bat hits the dart slug. The rat misses you.
The dart slug bites you but does no damage.
Your bat hits the dart slug but does no damage.
The rat misses you. The rat barely misses your rat.
Your bat hits the dart slug.
Your bat hits the dart slug but does no damage.
Your rat bites the rat but does no damage.
The dart slug barely misses your bat.
Your bat hits the rat. The rat barely misses your rat.
Your rat closely misses the rat.
Your bat hits the dart slug but does no damage.
Your bat closely misses the rat.
The dart slug bites your bat. The rat bites your rat.
Your rat closely misses the rat.
An endoplasm comes into view.
The endoplasm quivers.
Your bat hits the dart slug.
Your bat hits the dart slug but does no damage. x2
The dart slug launches a dart at you. The slug dart hits your bat.
Your bat dies!
Your bat's corpse disappears in a puff of smoke!
The endoplasm freezes you.
You are frozen.
Ouch! That really hurt!
You die...

#....#.##...#.
#....#.#...#g#
#....#g#....)#
#....b.#....#.
#.....g#...#..
#########......#..#...
#....).........#.#....
#.....###......##.....
#....@.##......#######
#..#.J.######.........
# #...# #...#..###
#...## #...g....#
##.r.# #..#......
#...## #.##gK...#
##...## ####.....#
##...## #r....# ##...#
#.....#


You could see an endoplasm and a rat.

Vanquished Creatures
  A ball python (D:1)
1 creature vanquished.

Notes
Turn   | Place    | Note
-------+----------+-------------------------------------------
     0 | D:1      | avis the Felid Summoner began the quest for the Orb.
     0 | D:1      | Reached XP level 1. HP: 7/7 MP: 4/4
   139 | D:1      | Frozen to death by an endoplasm

Illustrated notes

Levels and vault maps discovered:
D:1:      matt_arrival_diagonals, layout_rooms,
          ebering_ecumenical_altar_petrified, serial_curves, eino_curves_02,
          eino_curves_04

Action                   || total
-------------------------++-------
Melee: Unarmed           ||     5
 Cast: Summon Small Mamm ||    10
Armor: Skin              ||     2
Dodge: Dodged            ||    12
